 Dungeon Sprint DCSS version 0.21-a0-47-g7c8f537 (webtiles) character file.

17374 Kidiri the Brawler (level 12, -3/126 HPs)
             Began as a Troll Monk on June 8, 2017.
             Was a High Priest of Wu Jian.
             Slain by a nagaraja
             ... wielding a +0 spear
              (10 damage)
             ... in the Dungeon (Sprint VII: "The Pits").
             The game lasted 00:14:52 (2568 turns).

Kidiri the Brawler (Troll Monk)                     Turns: 2568, Time: 00:14:53

Health: -3/126     AC:  9    Str: 25    XL:     12   Next: 18%
Magic:  11/11      EV: 20    Int:  6    God:    Wu Jian [*****.]
Gold:   22         SH:  0    Dex: 19    Spells: 11/11 levels left

rFire    . . .     SeeInvis .     - Unarmed
rCold    . . .     Gourm    +   (no shield)
rNeg     . . .     Faith    .   a - +2 robe
rPois    .         Spirit   .   (helmet restricted)
rElec    .         Reflect  .   (no cloak)
rCorr    .         Harm     .   (gloves unavailable)
MR       .....     NoTele   +   (boots unavailable)
Stlth    +++++.....             (no amulet)
Regen    0.8/turn               o - +3 ring of strength
MPRegen  0.2/turn               p - +3 ring of dexterity

@: vulnerable
A: unfitting armour, claws 3, yellow scales 1, fast metabolism 3, gourmand,
mutation resistance 1, regeneration 1, shaggy fur 1, tough skin 2, wild magic 1
a: Serpent's Lash, Heavenly Storm, Renounce Religion


You were in the Dungeon.
You worshipped Wu Jian.
Wu Jian was extremely pleased with you.
You were very full.

You visited 1 branch You collected 22 gold pieces.

Inventory:

Armour
 a - a +2 robe (worn)
 t - a +0 troll leather armour
 u - a +0 large shield
Jewellery
 o - a +3 ring of strength (left claw)
 p - a +3 ring of dexterity (right claw)
 w - an uncursed ring of protection from cold
 x - an uncursed ring of protection from fire
 z - an uncursed ring of protection from magic
 A - an uncursed ring of poison resistance
Scrolls
 h - a scroll of blinking
 j - 3 scrolls of remove curse
 k - 5 scrolls of amnesia
 l - a scroll of summoning
 v - a scroll of fog
 y - a scroll of identify
 B - 2 scrolls of fear
 C - 6 scrolls of enchant armour
 D - 2 scrolls of recharging
Potions
 c - 8 potions of curing
 d - 4 potions of heal wounds
 e - 2 potions of haste
 f - 4 potions of magic
 g - 3 potions of berserk rage
 i - 2 potions of invisibility
 q - 2 potions of might
 r - 3 potions of resistance
 s - 3 potions of brilliance
Comestibles
 b - 9 bread rations
 m - 40 fruits
 n - 7 meat rations


   Skills:
 + Level 9.9 Fighting
 + Level 9.4 Armour
 * Level 13.5 Dodging
 * Level 10.6 Stealth
 * Level 15.6 Unarmed Combat


You had 11 spell levels left.
You didn't know any spells.

Dungeon Overview and Level Annotations

Branches:
Dungeon (1/1)

Altars:
Ashenzari
Cheibriados
Dithmenos
Elyvilon
Fedhas
Gozag
Hepliaklqana
Kikubaaqudgha
Makhleb
Nemelex Xobeh
Okawaru
Qazlal
Ru
Sif Muna
Trog
Uskayaw
Vehumet
Wu Jian
Xom
Yredelemnul
Zin
The Shining One
Beogh
Jiyva
Lugonu

Annotations:
D Snorg


Innate Abilities, Weirdness & Mutations

You are too large for most types of armour.
You have claws for hands.
Your metabolism is lightning-fast.
You like to eat raw meat.
Your natural rate of healing is unusually fast.
You are covered in fur. (AC +1)
You have very tough skin. (AC +2)
You are partially covered in yellow scales. (AC +2)
You are somewhat resistant to further mutation.
Your spells are a little harder to cast, but a little more powerful.


Message History

The polar bear claws you but does no damage. x2
There is a huge open gate to the Grid Vault (Hard) here.
Unknown command.
The heavenly storm settles.
Unknown command.
You feel much better. The polar bear barely misses you.
The polar bear closely misses you. x2
The spriggan berserker utters an invocation to Trog.
The polar bear bites you.
* * * LOW HITPOINT WARNING * * *
The polar bear completely misses you. The polar bear claws you.
* * * LOW HITPOINT WARNING * * *
You spin and attack the polar bear.
You scratch the polar bear but do no damage.
You spin and attack the spriggan berserker.
You barely miss the spriggan berserker. The polar bear bites you!
* * * LOW HITPOINT WARNING * * *
The polar bear barely misses you. The polar bear closely misses you.
The nagaraja hits you from afar with a spear!
You die...

#..##o# #i# #..# #..# #W# #N#
#..# #..# #T#i# #..#
#..#####§##########..#
######....§§§§§§§§........#
___.##....§§§§§§§§........#
___.###########N§##########
_...###########hi##########
###+##.......§§§@§....##..#
))+.##......#§§#§§....##..#
###.##.......§§.§§....++..#
.....+................++).#######
+#####......#..#......##.).).....
....##................##.........
###+#####+#####++################
..%.##.......##++# ##### ########
....##.......##..###...###..+...#


You could see a nagaraja, a spriggan berserker and a polar bear (berserk).

Vanquished Creatures
  A red draconian (D)
  A naga warrior (D)
  A two-headed ogre (D)
  A vampire mage (D)
  A swamp dragon (D)
  A shadow wraith (D)
  3 sea snakes (D)
  A deep troll (D)
  A phantasmal warrior (D)
  A wolf spider (D)
  A deep elf mage (D)
  Joseph (D)
  A gargoyle (D)
  A black mamba (D)
  A smoke demon (D)
  An eye of devastation (D)
  A rust devil (D)
  A spiny frog (D)
  3 komodo dragons (D)
  3 hellwings (D)
  A troll (D)
  4 blink frogs (D)
  A snapping turtle (D)
  12 dream sheep (D)
  A redback (D)
  2 steam dragons (D)
  2 hungry ghosts (D)
  A warg (D)
  3 insubstantial wisps (D)
  An acid dragon (D)
  4 hell hounds (D)
  2 porcupines (D)
  A floating eye (D)
  A swamp drake (D)
  An eye of draining (D)
  6 wolves (D)
  2 centaurs (D)
  2 bullfrogs (D)
  A gnoll sergeant (D)
  2 quasits (D)
  A hound (D)
  Ijyb (D)
  2 gnoll shamans (D)
  A worker ant (D)
  2 small abominations (D)
  A mummy (D)
  13 gnolls (D)
  An adder (D)
  An ufetubus (D)
  An orc (D)
  A bat (D)
  2 giant cockroaches (D)
  2 goblins (D)
  A hobgoblin (D)
  3 jackals (D)
  A ball python skeleton (D)
  A frilled lizard (D)
  A kobold (D)
112 creatures vanquished.

Vanquished Creatures (others)
  A floating eye (D)
1 creature vanquished.

Grand Total: 113 creatures vanquished

Notes
Turn   | Place    | Note
-------+----------+-------------------------------------------
     0 | D        | Kidiri the Troll Monk began the quest for the Orb.
     0 | D        | Reached XP level 1. HP: 22/22 MP: 0/0
    43 | D        | Found a bloodstained altar of Trog.
    43 | D        | Found a deep blue altar of Sif Muna.
    43 | D        | Found a viscous altar of Jiyva.
    43 | D        | Found a hazy altar of Hepliaklqana.
    43 | D        | Found an opulent altar of Gozag.
    44 | D        | Found a glowing golden altar of the Shining One.
    44 | D        | Found a glowing silver altar of Zin.
    44 | D        | Found a basalt altar of Yredelemnul.
    44 | D        | Found a shimmering altar of Xom.
    44 | D        | Found an ornate altar of the Wu Jian Council.
    44 | D        | Found a sacrificial altar of Ru.
    44 | D        | Found a stormy altar of Qazlal.
    44 | D        | Found an iron altar of Okawaru.
    44 | D        | Found a sparkling altar of Nemelex Xobeh.
    44 | D        | Found a burning altar of Makhleb.
    44 | D        | Found a blossoming altar of Fedhas.
    44 | D        | Found a white marble altar of Elyvilon.
    44 | D        | Found a shadowy altar of Dithmenos.
    44 | D        | Found a snail-covered altar of Cheibriados.
    46 | D        | Found a radiant altar of Vehumet.
    46 | D        | Found a corrupted altar of Lugonu.
    46 | D        | Found a roughly hewn altar of Beogh.
    47 | D        | Found a hide-covered altar of Uskayaw.
    47 | D        | Found an ancient bone altar of Kikubaaqudgha.
    47 | D        | Found a shattered altar of Ashenzari.
    55 | D        | Became a worshipper of the Wu Jian Council
    55 | D        | Reached * piety under Wu Jian
    55 | D        | Reached ** piety under Wu Jian
    83 | D        | Noticed a worker ant
    84 | D        | Noticed a floating eye
    89 | D        | Killed a floating eye
    89 | D        | Reached skill level 5 in Unarmed Combat
    89 | D        | Reached XP level 2. HP: 17/31 MP: 1/1
    89 | D        | Reached XP level 3. HP: 21/37 MP: 2/2
    89 | D        | Reached XP level 4. HP: 25/45 MP: 3/3
   179 | D        | Reached *** piety under Wu Jian
   188 | D        | Reached **** piety under Wu Jian
   192 | D        | Reached XP level 5. HP: 40/54 MP: 4/4
   193 | D        | Reached skill level 5 in Dodging
   193 | D        | Reached skill level 6 in Unarmed Combat
   197 | D        | Reached ***** piety under Wu Jian
   284 | D        | Noticed a centaur
   288 | D        | Noticed Ijyb
   293 | D        | Killed Ijyb
   293 | D        | Killed a centaur
   293 | D        | Reached skill level 7 in Unarmed Combat
   293 | D        | Reached XP level 6. HP: 57/63 MP: 5/5
   318 | D        | Noticed a warg
   323 | D        | Killed a warg
   327 | D        | Noticed a deep elf mage
   331 | D        | Killed a deep elf mage
   331 | D        | Reached skill level 5 in Fighting
   331 | D        | Reached skill level 5 in Stealth
   331 | D        | Reached skill level 9 in Unarmed Combat
   331 | D        | Reached XP level 7. HP: 68/72 MP: 6/6
   339 | D        | Reached ****** piety under Wu Jian
   347 | D        | Reached skill level 5 in Armour
   347 | D        | Reached XP level 8. HP: 22/81 MP: 7/7
   521 | D        | Noticed a komodo dragon
   521 | D        | Noticed a swamp dragon
   638 | D        | Killed a komodo dragon
   644 | D        | Paralysed by a floating eye for 3 turns
   650 | D        | Killed a swamp dragon
   650 | D        | Reached skill level 10 in Unarmed Combat
   899 | D        | Noticed a troll
   904 | D        | Killed a troll
   904 | D        | Reached XP level 9. HP: 88/92 MP: 8/8
   907 | D        | Noticed a sea snake
   912 | D        | Noticed a hellwing
   914 | D        | Killed a sea snake
   914 | D        | Reached skill level 11 in Unarmed Combat
   919 | D        | Killed a hellwing
   921 | D        | Reached skill level 10 in Dodging
  1038 | D        | Noticed a black mamba
  1042 | D        | Killed a black mamba
  1049 | D        | Reached skill level 12 in Unarmed Combat
  1050 | D        | Reached XP level 10. HP: 68/102 MP: 9/9
  1053 | D        | Noticed a spiny frog
  1056 | D        | Killed a spiny frog
  1148 | D        | Noticed a shadow wraith
  1155 | D        | Killed a shadow wraith
  1300 | D        | Noticed a deep troll
  1312 | D        | Killed a deep troll
  1312 | D        | Reached skill level 13 in Unarmed Combat
  1377 | D        | Noticed a sea snake
  1388 | D        | Killed a sea snake
  1540 | D        | Reached XP level 11. HP: 86/113 MP: 10/10
  1582 | D        | Noticed a wolf spider
  1585 | D        | Killed a wolf spider
  1586 | D        | Reached skill level 14 in Unarmed Combat
  1639 | D        | Noticed Joseph
  1646 | D        | Killed Joseph
  1648 | D        | Noticed a sea snake
  1652 | D        | Killed a sea snake
  1787 | D        | Gained mutation: Your spells are a little harder to cast, but a little more powerful. [potion of mutation]
  1787 | D        | Gained mutation: You are partially covered in yellow scales. (AC +2) [potion of mutation]
  1787 | D        | Gained mutation: You are somewhat resistant to further mutation. [potion of mutation]
  2026 | D        | Reached skill level 10 in Stealth
  2210 | D        | Noticed a red draconian
  2220 | D        | Reached skill level 15 in Unarmed Combat
  2222 | D        | Killed a red draconian
  2235 | D        | Noticed a two-headed ogre
  2237 | D        | HP: 4/115 [two-headed ogre/giant spiked club (16)]
  2241 | D        | Killed a two-headed ogre
  2241 | D        | Reached XP level 12. HP: 37/126 MP: 5/11
  2539 | D        | Noticed a naga warrior
  2539 | D        | Noticed a vampire mage
  2544 | D        | Noticed Snorg
  2550 | D        | Killed a naga warrior
  2550 | D        | Noticed a nagaraja
  2553 | D        | Killed a vampire mage
  2559 | D        | HP: 2/126 [nagaraja/spear (5)]
  2564 | D        | HP: 1/126 [polar bear[a spriggan berserker] (17)]
  2568 | D        | Slain by a nagaraja

Vault maps used:
D:        pitsprint

Skill      XL: |  1  2  3  4  5  6  7  8  9 10 11 |
---------------+----------------------------------+-----
Fighting       | 3 4 5 6 7 8 9 |  9.9
Armour         | 2 3 4 5 6 8 9 |  9.4
Dodging        | 4 6 7 9 10 11 13 | 13.5
Stealth        | 2 3 4 5 6 7 9 10 | 10.6
Unarmed Combat | 5 7 9 10 12 13 15 | 15.6

Action                   |  1- 3 |  4- 6 |  7- 9 | 10-12 || total
-------------------------+-------+-------+-------+-------++-------
Melee: Unarmed           |     8 |    52 |    51 |   187 ||   298
       Punch             |       |       |     3 |    19 ||    22
Invok: Serpent's Lash    |       |     1 |     2 |     1 ||     4
       Heavenly Storm    |       |       |     3 |    10 ||    13
  Use: Potion            |       |       |     4 |    10 ||    14
       Scroll            |       |       |       |     2 ||     2
 Stab: Sleeping          |       |     3 |     2 |     1 ||     6
  Eat: Chunk             |       |       |    15 |    13 ||    28
Armor: Robe              |     3 |     6 |     4 |    13 ||    26
Dodge: Dodged            |     3 |    26 |    21 |   107 ||   157
